 Dungeon Crawl Stone Soup version 0.31-a0-868-g674d60d6f7 (webtiles) character file.

Game seed: 289718248837156342

399 Dirtsage the Ruffian (level 6, 0/42 HPs)
             Began as an Octopode Shapeshifter on Oct 11, 2023.
             Killed by nerve-wracking pain
             ... invoked by an orc priest
              (12 damage)
             ... on level 5 of the Dungeon.
             The game lasted 00:05:09 (2325 turns).

Dirtsage the Ruffian (Octopode Shapeshifter)        Turns: 2325, Time: 00:05:09

Health: 0/42       AC:  1    Str: 15    XL:     6   Next: 84%
Magic:  6/6        EV: 13    Int: 12    God:
Gold:   240        SH:  0    Dex: 12    Spells: 5/5 levels left

rFire   + .          .
                       - Unarmed
rCold   . . .        (no shield)
rNeg    . . .        (helmet currently unavailable)
rPois   .            (no amulet)
rElec   .            C - ring of resist corrosion
rCorr   +            F - ring of protection from fire
SInv    .            (no ring)
Will    .....        (no ring)
Stlth   ++           (no ring)
HPRegen 0.27/turn    (no ring)
MPRegen 0.10/turn    (no ring)
                     (no ring)

%: no passive effects
@: beast-form
A: beast (slay +2), almost no armour, amphibious, 8 rings, camouflage 1,
gelatinous body 1, (nimble swimmer 1), tentacles
a: Begin Untransformation


You were on level 5 of the Dungeon.
You were a hulking beast.
You visited 1 branch of the dungeon, and saw 5 of its levels.

You collected 240 gold pieces.

Inventory:

Jewellery
 C - a ring of resist corrosion (left tentacle)
 F - a ring of protection from fire (right tentacle)
Talismans
 b - a beast talisman (active)
 c - a flux talisman
Scrolls
 d - 2 scrolls of identify {unknown}
 e - a scroll of teleportation {unknown}
 g - a scroll of immolation {unknown}
 i - a scroll of poison {unknown}
 k - a scroll of brand weapon {unknown}
 l - a scroll of revelation {unknown}
 m - a scroll of noise {unknown}
Potions
 a - a potion of heal wounds {unknown}
 f - 2 potions of curing {unknown}
 h - a potion of degeneration {unknown}
 j - 3 potions of attraction {unknown}
 n - a potion of enlightenment {unknown}


   Skills:
 + Level 3.0 Fighting
 - Level 2.0 Dodging
 * Level 5.2 Unarmed Combat
 * Level 4.9 Shapeshifting


You had 5 spell levels left.
You didn't know any spells.
Your spell library contained the following spells:

 Spells                   Type           Power      Damage    Failure   Level
 Magic Dart               Conj           0%         1d3       32%         1
 Call Imp                 Summ           0%         N/A       45%         2
 Mephitic Cloud           Conj/Pois/Air  0%         N/A       69%         3


Dungeon Overview and Level Annotations

Branches:
Dungeon (6/15)
 Temple: D:4-7

Altars:
Fedhas

Shops:
D:2 [


Innate Abilities, Weirdness & Mutations

You are a hulking beast.
Your limbs bulge with bestial killing power. (Slay +2)
You cannot wear most types of armour.
You are amphibious.
You can wear up to eight rings at the same time.
Your skin changes colour to match your surroundings (Stealth+).
Your rubbery body absorbs attacks. (AC +1, EV +1)
((You are camouflaged when in or above water. (Stealth+)))
You have tentacles for arms and can constrict up to eight enemies at once.


Message History

You constrict the orc priest.
The orc priest struggles to escape constriction.
The orc hits you from afar with a +2 trident of flaming!
The orc burns you.
You take 8 damage, and have 33/41 hp.
You tentacle-slap the orc priest. You squeeze the orc priest.
The orc priest is almost dead.
You constrict the orc priest. The orc priest hits you with a +0 club.
The orc hits you from afar with a +2 trident of flaming.
You take 11 damage, and have 22/41 hp.
MASSIVE DAMAGE!!
You are too injured to fight recklessly!
You are too injured to fight recklessly!
You tentacle-slap the orc priest.
You kill the orc priest!
The orc hits you from afar with a +2 trident of flaming.
The orc burns you.
An orc priest comes into view. It is wielding a +0 dagger.
Your Fighting skill increases to level 3!
You take 3 damage, and have 19/42 hp.
The orc priest shouts!
An orc wizard comes into view. It is wielding a +0 dagger.
The orc priest looks encouraged for a moment.
There is an open door here.
The orc wizard points at you and mumbles some strange words.
You resist with some effort.
The orc priest looks satisfied for a moment.
The quokka attacks as it pursues you! The quokka closely misses you.
The orc attacks as it pursues you!
The orc hits you from afar with a +2 trident of flaming!
* * * LOW HITPOINT WARNING * * *
You take 9 damage, and have 11/42 hp.
MASSIVE DAMAGE!!
You bludgeon the quokka!
You kill the quokka!
The orc closely misses you. The orc misses you.
An orc priest comes into view. It is wielding a +0 whip.
The orc priest shouts!
The orc priest calls down the wrath of Beogh upon you.
Pain shoots through your body!
You die...

..................#
#################.#####.#
.......))).........
###########.#####+# #.#
########'## #.........#
#.........# #......h..#
########'## ##.o## #..oo#
#...)# #...o. #.....#
#.....$ #....#..


You could see 2 orc priests, an orc wizard and an orc.

Vanquished Creatures
  An ogre (D:6)
  A scorpion (D:5)
  A hound (D:6)
  2 orc priests (D:5)
  Jessica (D:3)
  2 orc wizards (D:5)
  4 adders
  2 dart slugs
  11 orcs
  3 endoplasms
  A giant cockroach (D:2)
  3 goblins
  2 hobgoblins
  4 jackals
  4 kobolds
  A quokka (D:5)
  7 ball pythons
  3 bats
  A frilled lizard (D:3)
54 creatures vanquished.

Notes
Turn   | Place    | Note
-------+----------+-------------------------------------------
     0 | D:1      | Dirtsage the Octopode Shapeshifter began the quest for the
                  | Orb.
     0 | D:1      | Reached XP level 1. HP: 13/13 MP: 1/1
   338 | D:1      | Reached XP level 2. HP: 18/18 MP: 2/2
   918 | D:2      | Found a blossoming altar of Fedhas.
   984 | D:2      | Found Kaedd's Antique Armour Emporium.
  1084 | D:2      | Reached XP level 3. HP: 23/23 MP: 3/3
  1278 | D:3      | Reached XP level 4. HP: 23/29 MP: 4/4
  1503 | D:3      | Identified the +3 leather armour of Fedhas, Mauling {Int+4}
  1567 | D:3      | Reached skill level 4 in Unarmed Combat
  1755 | D:3      | Noticed Jessica
  1762 | D:3      | Killed Jessica
  1770 | D:3      | You fall into a shaft and drop 3 floors!
  1800 | D:6      | Noticed an ogre
  1808 | D:6      | Killed an ogre
  1809 | D:6      | Reached XP level 5. HP: 34/35 MP: 5/5
  1888 | D:5      | Entered Level 5 of the Dungeon
  1920 | D:5      | Reached XP level 6. HP: 29/41 MP: 6/6
  2049 | D:5      | Reached skill level 5 in Unarmed Combat
  2151 | D:5      | HP: 2/41 [orc/+1 dagger of protection (4)]
  2325 | D:5      | Killed from afar by an orc priest

Illustrated notes

Levels and vault maps discovered:
D:1:      saegor_arrival_under_anarchy, layout_loops_corners, minivault_14
D:2:      layout_rooms, basic_altar, serial_shops, shop_statue
D:3:      layout_basic, uniq_jessica
D:5:      layout_basic, kennysheep_mini_moat
D:6:      layout_cave_pools, minmay_temple_entry_statues_fountains,
          serial_gnoll_camp, gnoll_camp_mini_house, grums_kennel,
          gnoll_camp_mini_hut, gnoll_camp_huts_moat, gnoll_camp_mini_doghouse,
          serial_shops, kennysheep_little_box, dilly_guarded_unrand_devastator

Skill      XL: |  1  2  3  4  5  6 |
---------------+-------------------+-----
Unarmed Combat | 4 5 |  5.2
Fighting       | 2 3 |  3.0
Shapeshifting  | 4 |  4.9
Dodging        | |  2.0

Action                     |  1- 3 |  4- 6 || total
---------------------------+-------+-------++-------
  Melee: Unarmed           |    53 |    59 ||   112
         Constrict         |    13 |    10 ||    23
         Tentacles         |    10 |     7 ||    17
         Punch             |     2 |     2 ||     4
    Use: Potion            |       |     1 ||     1
   Stab: Sleeping          |     7 |     3 ||    10
 Armour: Skin              |    19 |    31 ||    50
  Dodge: Dodged            |    16 |    15 ||    31

Table legend: (Time is in decaauts)
 A = Elapsed time spent in this place.
 B = Non-inter-level travel time spent in this place.
 C = Inter-level travel time spent in this place.
 D = Time resting spent in this place.
 E = Time spent auto-exploring this place.
 F = Levels seen in this place.
 G = Mean time per level.
                   A        B        C        D        E       F      G
               +--------+--------+--------+--------+--------+-----+--------+
         Total |   2314 |   2284 |     30 |    187 |   1790 |   5 |  462.8 |
       Dungeon |   2314 |   2284 |     30 |    187 |   1790 |   5 |  462.8 |
               +--------+--------+--------+--------+--------+-----+--------+

Top non-repeatable levels by time:
     D:1: 833 daAuts
     D:3: 506 daAuts
     D:5: 433 daAuts
     D:2: 424 daAuts
     D:6: 117 daAuts
